 Dungeon Crawl Stone Soup version 0.20-a0-313-g10ed074 (webtiles) character file.

285 AlphabetPasta the Bolt Thrower (level 6, 0/35 HPs)
             Began as a Kobold Arcane Marksman on Dec 19, 2016.
             Slain by a bat (1 damage)
             ... summoned by Eustachio
             ... on level 4 of the Dungeon on Dec 20, 2016.
             The game lasted 00:19:00 (4703 turns).

AlphabetPasta the Bolt Thrower (KoAM)               Turns: 4703, Time: 00:19:01

Health: 0/35       AC:  2    Str:  9    XL:     6   Next: 55%
Magic:  7/9        EV: 16    Int: 14    God:
Gold:   120        SH:  4    Dex: 14    Spells: 6/9 levels left

rFire  . . .     SeeInvis .     a - +0 short sword
rCold  . . .     Gourm    .     e - +0 robe
rNeg   . . .     Faith    .     (shield restricted)
rPois  .         Spirit   .     (no helmet)
rElec  .         Reflect  +     (no cloak)
rCorr  .         Harm     .     (no gloves)
MR     .....                    (no boots)
Stlth  ++........               p - +4 amulet of reflection
                                (no ring)
                                (no ring)

@: no status effects
A: carnivore 3, clumsy 1, wild magic 2
a: no special abilities


You were on level 4 of the Dungeon.
You were very full.

You visited 1 branch of the dungeon, and saw 4 of its levels.

You collected 120 gold pieces.

Inventory:

Hand Weapons
 a - a +0 short sword (weapon)
 b - a +1 hand crossbow
Missiles
 d - 5 bolts
Armour
 e - a +0 robe (worn)
Jewellery
 h - an uncursed amulet of guardian spirit {unknown}
 m - a +5 ring of intelligence {unknown}
 p - a +4 amulet of reflection (around neck)
Potions
 g - a potion of brilliance
 j - 3 potions of magic
 q - a potion of cure mutation
Books
 c - a book of Debilitation

   Spells                             Type                      Level
   a - Corona                         Hexes                        1
   b - Slow                           Hexes                        2
   c - Gell's Gravitas                Hexes/Translocation          3
   d - Inner Flame                    Hexes/Fire                   3
   e - Cause Fear                     Hexes                        4
   f - Leda's Liquefaction            Hexes/Earth                  4
Comestibles
 f - a meat ration
 i - 2 beef jerkies


   Skills:
 + Level 2.1 Fighting
 + Level 2.7 Short Blades
 * Level 4.2 Crossbows
 + Level 3.3 Dodging
 + Level 2.0 Stealth
 + Level 2.3 Spellcasting
 * Level 4.0 Hexes


You had 6 spell levels left.
You knew the following spells:

 Your Spells              Type           Power        Failure   Level  Hunger
a - Corona                Hex            ###....      12%         1    #......
b - Slow                  Hex            ###.....     21%         2    ###....


Dungeon Overview and Level Annotations

Branches:
Dungeon (4/15)
 Temple: D:4-7

Altars:
Hepliaklqana
Kikubaaqudgha
Qazlal

Annotations:
D:4 Eustachio


Innate Abilities, Weirdness & Mutations

You are small and have problems with some larger weapons.
You are carnivorous and can eat meat at any time.
You are clumsy. (Dex -2)
Your spells are harder to cast, but more powerful.


Message History

The hound barely misses you.
Eustachio casts a spell.
The bat closely misses you. The hound barely misses you.
You hit the hound but do no damage.
The hound is heavily wounded.
The bat hits you.
* * * LOW HITPOINT WARNING * * *
Eustachio mumbles some strange words.
Eustachio blinks!
The hound bites you.
* * * LOW HITPOINT WARNING * * *
You barely miss the hound.
The hound is heavily wounded.
The bat misses you. The hound misses you. The hound closely misses you.
You barely miss the hound.
The hound is heavily wounded.
The bat closely misses you. The hound barely misses you.
You hit the hound.
The hound is severely wounded.
You block the bat's attack. The hound completely misses you. The bat hits you.
You die...

.# #.# #.# *,*######.##### .# #.#
#.# *,,,,,* #.# .####.#
#.########*,* #.# #.....#
#........#*,* #.# .####.#
#:.#####.#*,*##.# .# #.# #[.#
#.#*,*#..# .# ##.###..#
#.#*,*#.## .###...##..# #h#*,*#.#
.....#.....# #@#*,*#.##########
####...##### #b#*,*#..........#
##.## #r#*,*#..#######.# ###.#
#b#*,*#..# #.# ##.#.# #r#*,*#..#
#[# ##....# #5#*,##..# #.#
#.....## #######5##b##..# #####.#
.......#*#......5@......###......
........##.####..######.##.#.##.#


You could see Eustachio, a hound, an iron imp, a quasit, a river rat, an
ufetubus, 2 bats and a rat.

Vanquished Creatures
  A bullfrog (D:3)
  A hound (D:4)
  2 orc wizards (D:3)
  A worker ant (D:4)
  2 adders (D:3)
  A gnoll (D:1)
  6 worms
  3 dart slugs (D:2)
  4 leopard geckos
  4 orcs (D:3)
  4 giant cockroaches
  5 goblins
  5 hobgoblins
  4 jackals (D:3)
  A quokka (D:3)
  2 ball pythons
  3 bats
  6 frilled lizards
  5 kobolds
  7 rats
67 creatures vanquished.

Notes
Turn   | Place    | Note
-------+----------+-------------------------------------------
     0 | D:1      | AlphabetPasta the Kobold Arcane Marksman began the quest for the Orb.
     0 | D:1      | Reached XP level 1. HP: 12/12 MP: 2/2
   242 | D:1      | Learned a level 1 spell: Corona
   514 | D:1      | Reached XP level 2. HP: 16/16 MP: 3/3
   518 | D:1      | Learned a level 2 spell: Slow
   758 | D:1      | Reached XP level 3. HP: 20/20 MP: 3/5
  1603 | D:2      | Reached skill level 1 in Stealth
  1830 | D:2      | Reached XP level 4. HP: 25/25 MP: 6/6
  2512 | D:3      | Noticed a bullfrog
  2517 | D:3      | Killed a bullfrog
  2517 | D:3      | Reached skill level 1 in Short Blades
  2517 | D:3      | Reached XP level 5. HP: 23/30 MP: 6/8
  2523 | D:3      | Found a stormy altar of Qazlal.
  2525 | D:3      | Found a hazy altar of Hepliaklqana.
  2527 | D:3      | Found an ancient bone altar of Kikubaaqudgha.
  2601 | D:3      | Gained mutation: Your spells are a little harder to cast, but a little more powerful. [potion of mutation]
  2601 | D:3      | Gained mutation: You are clumsy. (Dex -2) [potion of mutation]
  2601 | D:3      | Gained mutation: Your spells are harder to cast, but more powerful. [potion of mutation]
  3002 | D:3      | Reached XP level 6. HP: 8/35 MP: 3/9
  3745 | D:4      | HP: 1/35 [hound (5)]
  4219 | D:4      | Noticed Eustachio
  4700 | D:4      | HP: 1/35 [hound (3)]
  4703 | D:4      | Slain by a bat

Vault maps used:
D:1:      minmay_arrival_split_and_join, kennysheep_small_spiral
D:3:      grunt_temple_overflow_open, first_bread, st_stairs_12
D:4:      uniq_eustachio

Skill      XL: |  1  2  3  4  5  6 |
---------------+-------------------+-----
Dodging        | 3 |  3.3
Crossbows      | 3 4 |  4.2
Stealth        | 1 2 |  2.0
Short Blades   | 1 2 |  2.7
Spellcasting   | 2 |  2.3
Fighting       | 2 |  2.1
Hexes          | 4 |  4.0

Action                   |  1- 3 |  4- 6 || total
-------------------------+-------+-------++-------
Melee: Short sword       |       |   262 ||   262
 Fire: Hand crossbow     |    62 |    28 ||    90
 Cast: Corona            |       |     5 ||     5
       Slow              |       |     6 ||     6
  Use: Scroll            |     5 |     8 ||    13
       Potion            |       |     5 ||     5
 Stab: Sleeping          |       |     4 ||     4
  Eat: Chunk             |    11 |     9 ||    20
Armor: Robe              |     2 |    31 ||    33
Dodge: Dodged            |    10 |   179 ||   189
Block: Other             |     2 |    50 ||    52
       Reflection        |     1 |       ||     1
